 Dungeon Crawl Stone Soup version 0.23.1-41-g7e51ed3 (webtiles) character file.

Game seed: 7379646775682173353

53 Borgoz the Cutter (level 3, 0/22 HPs)
             Began as a Gargoyle Gladiator on Mar 29, 2019.
             Slain by an ogre
             ... wielding a +0 giant spiked club
              (22 damage)
             ... on level 2 of the Dungeon.
             The game lasted 00:01:46 (1353 turns).

Borgoz the Cutter (Gargoyle Gladiator)              Turns: 1353, Time: 00:01:46

Health: 0/22       AC:  8    Str: 17    XL:     3   Next: 87%
Magic:  3/3        EV: 12    Int:  8    God:
Gold:   45         SH:  0    Dex: 12    Spells: 3/3 levels left

rFire    . . .     SeeInvis .   a - +2 dagger (venom)
rCold    . . .     Gourm    .   (no shield)
rNeg     + . .     Faith    .   b - +0 leather armour
rPois    ∞         Spirit   .   c - +0 helmet
rElec    +         Reflect  .   e - +0 cloak
rCorr    .         Harm     .   (no gloves)
MR       .....                  (no boots)
Stlth    +.........             (no amulet)
HPRegen  0.07/turn              (no ring)
MPRegen  0.08/turn              (no ring)

@: no status effects
A: negative energy resistance 1, electricity resistance, unbreathing,
petrification resistance, rot immunity, AC +3
a: no special abilities


You were on level 2 of the Dungeon.
You were not hungry.

You visited 1 branch of the dungeon, and saw 2 of its levels.

You collected 45 gold pieces.

Inventory:

Hand Weapons
 a - a +2 dagger of venom (weapon)
 n - a +0 rapier
Missiles
 d - 5 throwing nets (quivered)
Armour
 b - a +0 leather armour (worn)
 c - a +0 helmet (worn)
 e - a +0 cloak (worn)
Jewellery
 s - a +5 ring of evasion {unknown}
Scrolls
 g - 2 scrolls of amnesia {unknown}
 h - 2 scrolls of identify {unknown}
 k - a scroll of immolation {unknown}
 l - 2 scrolls of remove curse {unknown}
 q - a scroll of noise {unknown}
Potions
 i - a potion of brilliance {unknown}
 j - a potion of resistance {unknown}
 m - 2 potions of cancellation {unknown}
 o - a potion of lignification {unknown}
 r - a potion of curing {unknown}
 t - 2 potions of heal wounds {unknown}
Comestibles
 f - 2 rations
 p - 4 chunks of flesh


   Skills:
 + Level 2.6 Fighting
 * Level 3.0 Short Blades
 + Level 2.0 Throwing
 * Level 1.3 Armour
 * Level 2.7 Dodging
 + Level 0.9 Stealth
 + Level 0.5 Spellcasting


You had 3 spell levels left.
You didn't know any spells.
Your spell library was empty.

Dungeon Overview and Level Annotations

Branches:
Dungeon (2/15)

Altars:


Innate Abilities, Weirdness & Mutations

You are resistant to torment.
Your stone body is resilient. (AC +3)
You are immune to poison.
You resist negative energy. (rN+)
You are resistant to electric shocks. (rElec)
You can survive without breathing.
You are immune to petrification.
You are immune to rotting.


Message History

You kill the giant cockroach!
No target in view!
t - 2 purple potions A frilled lizard comes into view.
A frilled lizard is nearby!
A frilled lizard is nearby!
A frilled lizard is nearby!
You see here a golden potion.
A bat comes into view.
The frilled lizard hisses angrily.
You hear a shout!
An ogre comes into view. It is wielding a +0 giant spiked club.
The frilled lizard unfolds its giant frill.
Found 15 gold pieces.
A hobgoblin comes into view.
The hobgoblin shouts!
Found a stone staircase leading down.
You completely miss the ogre.
The ogre hits you with a +0 giant spiked club!!
Ouch! That really hurt!
You die...

##.#######
#......... #
#..#######
#.###..###
#........#
###....#.#
#.##!♣♣♣♣♣♣.
#.#......... #
#@.♣♣♣♣♣♣# .#
#....Ol.g.....
#.#
#.#.#....$....
..# ..
.........> #.#
#♣ ♣♣.#.......
#># P♣♣.......
#.# .. ♣♣......
#####.#####♣♣P.
♣#..##
......##....♣♣


You could see an ogre, a hobgoblin and a frilled lizard.

Vanquished Creatures
  2 oozes
  A worm (D:2)
  A dart slug (D:1)
  A leopard gecko (D:2)
  3 bats
  3 giant cockroaches
  4 goblins
  4 hobgoblins
  3 jackals (D:1)
  5 kobolds (D:1)
  A ball python (D:1)
  2 frilled lizards (D:1)
  8 rats
38 creatures vanquished.

Notes
Turn   | Place    | Note
-------+----------+-------------------------------------------
     0 | D:1      | Borgoz the Gargoyle Gladiator began the quest for the Orb.
     0 | D:1      | Reached XP level 1. HP: 12/12 MP: 1/1
   158 | D:1      | Reached XP level 2. HP: 11/17 MP: 2/2
   404 | D:1      | Reached skill level 1 in Armour
   474 | D:1      | Reached XP level 3. HP: 17/22 MP: 3/3
   517 | D:1      | Reached skill level 3 in Short Blades
  1351 | D:2      | Noticed an ogre
  1353 | D:2      | Slain by an ogre

Skill      XL: |  1  2  3 |
---------------+----------+-----
Armour         | 1 |  1.3
Short Blades   | 3 |  3.0
Throwing       | 2 |  2.0
Fighting       | |  2.6
Dodging        | |  2.7
Stealth        | |  0.9
Spellcasting   | |  0.5

Action                   || total
-------------------------++-------
Melee: Rapier            ||    48
       Dagger            ||    44
 Stab: Sleeping          ||     4
  Eat: Chunk             ||     1
Armor: Leather armour    ||    38
Dodge: Dodged            ||    65
